 Dungeon Crawl Stone Soup version 0.21.1-1-g345015f (webtiles) character file.

60 tidbits the Charmwright (level 4, 28/38 HPs)
             Began as a Gnoll Skald on June 22, 2018.
             Quit the game on level 2 of the Dungeon.
             The game lasted 00:03:27 (379 turns).

tidbits the Charmwright (Gnoll Skald)                Turns: 379, Time: 00:03:27

Health: 28/38      AC:  3    Str: 13    XL:     4   Next: 6%
Magic:  10/11      EV: 14    Int: 17    God:
Gold:   34         SH:  0    Dex: 14    Spells: 2/13 levels left

rFire    . . .     SeeInvis .   a - +0 hand axe
rCold    . . .     Gourm    .   (no shield)
rNeg     . . .     Faith    .   b - +0 leather armour
rPois    .         Spirit   .   (no helmet)
rElec    .         Reflect  .   (no cloak)
rCorr    .         Harm     .   (no gloves)
MR       .....                  (no boots)
Stlth    +.........             (no amulet)
HPRegen  0.12/turn              (no ring)
MPRegen  0.12/turn              (no ring)

@: no status effects
A: distributed training, fangs 1, strong nose
a: no special abilities


You were on level 2 of the Dungeon.
You were not hungry.

You visited 1 branch of the dungeon, and saw 2 of its levels.

You collected 34 gold pieces.

Inventory:

Hand Weapons
 a - a +0 hand axe (weapon)
 j - a +0 flail
 k - a +1 dagger of speed
   (You took it off a goblin on level 2 of the Dungeon)
 l - a +0 hunting sling
Missiles
 m - 21 stones (quivered)
 n - 21 arrows
Armour
 b - a +0 leather armour (worn)
 i - a cursed +0 leather armour
Scrolls
 g - a scroll of enchant weapon {unknown}
 p - a scroll of random uselessness {unknown}
 q - a scroll of identify {unknown}
Potions
 e - a potion of agility {unknown}
 f - a potion of haste {unknown}
 h - a potion of curing {unknown}
 o - a potion of resistance {unknown}
Books
 c - a book of Battle

   Spells                             Type                      Level
   a - Infusion                       Charms                       1
   b - Shroud of Golubria             Charms/Translocation         2
   c - Song of Slaying                Charms                       2
   d - Spectral Weapon                Hexes/Charms                 3
   e - Regeneration                   Charms/Necromancy            3
Comestibles
 d - 3 rations


   Skills:
 + Level 4.6 Fighting
 + Level 1.0 Short Blades
 + Level 1.0 Long Blades
 + Level 4.6 Axes
 + Level 1.0 Maces & Flails
 + Level 1.0 Polearms
 + Level 1.0 Staves
 + Level 1.0 Slings
 + Level 1.0 Bows
 + Level 1.0 Crossbows
 + Level 1.0 Throwing
 + Level 2.7 Armour
 + Level 4.6 Dodging
 + Level 1.0 Stealth
 + Level 1.0 Shields
 + Level 1.0 Unarmed Combat
 + Level 5.0 Spellcasting
 + Level 0.7 Conjurations
 + Level 0.7 Hexes
 + Level 5.4 Charms
 + Level 0.7 Summonings
 + Level 0.7 Necromancy
 + Level 0.7 Translocations
 + Level 0.7 Transmutations
 + Level 0.7 Fire Magic
 + Level 0.7 Ice Magic
 + Level 0.7 Air Magic
 + Level 0.7 Earth Magic
 + Level 0.7 Poison Magic
 + Level 1.1 Invocations
 + Level 1.0 Evocations


You had 2 spell levels left.
You knew the following spells:

 Your Spells              Type           Power        Failure   Level  Hunger
g - Shroud of Golubria    Chrm/Tloc      ##........   8%          2    #......
i - Infusion              Chrm           ###.         1%          1    None
r - Regeneration          Chrm/Necr      ##........   16%         3    ###....
w - Spectral Weapon       Hex/Chrm       ##......     16%         3    ###....
y - Song of Slaying       Chrm           ###.....     2%          2    #......


Dungeon Overview and Level Annotations

Branches:
Dungeon (2/15)

Altars:
Okawaru
Sif Muna


Innate Abilities, Weirdness & Mutations

Your experience applies equally to all skills.
You have very sharp teeth.
Your uncanny sense of smell can sniff out nearby items.


Message History

Your Bows skill increases to level 1!
Your Crossbows skill increases to level 1!
Your Throwing skill increases to level 1!
Your Stealth skill increases to level 1!
Your Shields skill increases to level 1!
Your Unarmed Combat skill increases to level 1!
Your Evocations skill increases to level 1!
Your spectral weapon fades away.
Things that are here:
a club; a goblin corpse A kobold comes into view.
It is wielding a short sword.
Your song has ended.
Found 21 arrows. 2 bats come into view.
Found 6 gold pieces.
Unknown command.
The bat misses you.
The kobold throws a stone.
The stone misses you. The bat closely misses you.
You see here a stone.
Unknown command.
You completely miss the bat. The bat closely misses you. x2
Casting: Spectral Weapon
Confirm with . or Enter, or press ? or * to list all spells.
You miscast Spectral Weapon.
You are very lightly contaminated with residual magic.
Nothing appears to happen.
The bat hits you but does no damage.
You hit the bat.
You kill the bat!
The bat hits you but does no damage.
m - 21 stones (gained 1)
The bat completely misses you.
You hit the bat.
You kill the bat!
You closely miss the kobold. The kobold hits you with a short sword!
* * * LOW HITPOINT WARNING * * *
You slash the kobold!
You kill the kobold!
You see here 6 gold pieces.
You now have 26 gold pieces (gained 6).
A bat comes into view.
The bat barely misses you.
You see here 21 arrows.
n - 21 arrows The bat barely misses you.
You closely miss the bat. The bat closely misses you.
The bat closely misses you. The bat closely misses you.
You miss the bat. The bat closely misses you. The bat misses you.
You hit the bat.
You kill the bat!
You have reached level 4!
You feel clever.
You already know all available spells.
Unknown command.
Your magical contamination has completely faded away.
You open the large door.
A ball python and a goblin come into view.
Found a green potion and a great mace.
Casting: Spectral Weapon
Confirm with . or Enter, or press ? or * to list all spells.
You draw out your weapon's spirit!
The goblin shouts!
The ball python hisses angrily.
The goblin moves out of view.
Unknown command.
You swap places.
There is a large open door here.
You hit the goblin.
You kill the goblin!
The ball python bites you but does no damage.
The ball python grabs you. The ball python constricts you.
You hit the ball python.
You kill the ball python!
You see here a ball python corpse.
You see here a green potion.
o - a green potion You swap places.
You see here a ball python corpse.
There is a large open door here.
You open the door.
Found an iron altar of Okawaru and a deep blue altar of Sif Muna.
There is an open door here.
You swap places.
Found a scroll labeled BOCHOTSU TIANO.
Your spectral weapon fades away.
Found a flail.
You see here a scroll labeled BOCHOTSU TIANO.
p - a scroll labeled BOCHOTSU TIANO
Found a scroll labeled KANERU HABROOK.
You open the door.
Found 23 bolts.
You see here a flail.
You see here a scroll labeled KANERU HABROOK.
q - a scroll labeled KANERU HABROOK
There is an open door here.
Found 8 gold pieces.
Found 18 bolts.
You see here 8 gold pieces.
You now have 34 gold pieces (gained 8).
Are you sure you want to abandon this character and quit the game? (Confirm with "yes".)

.....# #............#.#.#........
###### #......(....#.#.#.#.......
##### #..........#.##.##.#......
....# #.........#.# # ##.#.....
....# #........#.# ##.#....
....####.......#.# # ##.#..[
..............#.######.######.#.#
........###......................
#.......# ####.#@.......#........
#.......# #.#............(.#.#
#.......# #.#.................
#.......# #.########.#.(......
............ ... ............
############ ### ##..........
#..###.##.# ............
###..###.##.#


There were no monsters in sight!

Vanquished Creatures
  3 gnolls (D:2)
  2 adders (D:2)
  4 bats
  4 goblins (D:2)
  A kobold (D:2)
  2 ball pythons (D:2)
  A frilled lizard (D:2)
17 creatures vanquished.

Notes
Turn   | Place    | Note
-------+----------+-------------------------------------------
     0 | D:1      | tidbits the Gnoll Skald began the quest for the Orb.
     0 | D:1      | Reached XP level 1. HP: 20/20 MP: 6/6
   131 | D:2      | Reached XP level 2. HP: 20/26 MP: 3/7
   135 | D:2      | Learned a level 2 spell: Song of Slaying
   138 | D:2      | Learned a level 2 spell: Shroud of Golubria
   180 | D:2      | Reached skill level 5 in Spellcasting
   180 | D:2      | Reached XP level 3. HP: 27/31 MP: 4/9
   187 | D:2      | Reached skill level 1 in Invocations
   193 | D:2      | Learned a level 3 spell: Regeneration
   198 | D:2      | Learned a level 3 spell: Spectral Weapon
   262 | D:2      | Reached skill level 1 in Short Blades
   262 | D:2      | Reached skill level 1 in Long Blades
   262 | D:2      | Reached skill level 1 in Maces & Flails
   262 | D:2      | Reached skill level 1 in Polearms
   262 | D:2      | Reached skill level 1 in Staves
   262 | D:2      | Reached skill level 1 in Slings
   262 | D:2      | Reached skill level 1 in Bows
   262 | D:2      | Reached skill level 1 in Crossbows
   262 | D:2      | Reached skill level 1 in Throwing
   262 | D:2      | Reached skill level 1 in Stealth
   262 | D:2      | Reached skill level 1 in Shields
   262 | D:2      | Reached skill level 1 in Unarmed Combat
   262 | D:2      | Reached skill level 1 in Evocations
   289 | D:2      | Reached XP level 4. HP: 17/38 MP: 2/11
   322 | D:2      | Found an iron altar of Okawaru.
   322 | D:2      | Found a deep blue altar of Sif Muna.
   379 | D:2      | Quit the game

Skill      XL: |  1  2  3 |
---------------+----------+-----
Spellcasting   | 5 |  5.0
Invocations    | 1 |  1.1
Short Blades   | 1 |  1.0
Long Blades    | 1 |  1.0
Maces & Flails | 1 |  1.0
Polearms       | 1 |  1.0
Staves         | 1 |  1.0
Slings         | 1 |  1.0
Bows           | 1 |  1.0
Crossbows      | 1 |  1.0
Throwing       | 1 |  1.0
Stealth        | 1 |  1.0
Shields        | 1 |  1.0
Unarmed Combat | 1 |  1.0
Evocations     | 1 |  1.0
Fighting       | |  4.6
Axes           | |  4.6
Armour         | |  2.7
Dodging        | |  4.6
Conjurations   | |  0.7
Hexes          | |  0.7
Charms         | |  5.4
Summonings     | |  0.7
Necromancy     | |  0.7
Translocations | |  0.7
Transmutations | |  0.7
Fire Magic     | |  0.7
Ice Magic      | |  0.7
Air Magic      | |  0.7
Earth Magic    | |  0.7
Poison Magic   | |  0.7

Action                   |  1- 3 |  4- 6 || total
-------------------------+-------+-------++-------
Melee: Hand axe          |    39 |     2 ||    41
       Bite              |     3 |       ||     3
 Cast: Infusion          |     2 |       ||     2
       Song of Slaying   |     2 |       ||     2
       Shroud of Golubri |     1 |       ||     1
       Spectral Weapon   |     1 |     1 ||     2
Armor: Leather armour    |     5 |     1 ||     6
Dodge: Dodged            |    44 |       ||    44

Table legend:
 A = Turns spent in this place as a percentage of turns spent in the entire game.
 B = Non-inter-level travel turns spent in this place as a percentage of non-inter-level travel turns spent in the entire game.
 C = Inter-level travel turns spent in this place as a percentage of turns spent in this place.
 D = Turns resting spent in this place as a percentage of non-inter-level travel turns spent in this place.
 E = Turns spent auto-exploring this place as a percentage of non-inter-level travel turns spent in this place.
 F = Non-inter-level travel turns spent in this place divided by the number of levels of this place that you've seen.
                   A       B       C       D       E      F
               +-------+-------+-------+-------+-------+----------------------
         Total | 100.0 | 100.0 |   0.0 |   0.0 |   0.0 | 189.5
       Dungeon | 100.0 | 100.0 |   0.0 |   0.0 |   0.0 | 189.5
               +-------+-------+-------+-------+-------+----------------------

Table legend:
 A = Kills in this place as a percentage of kills in entire the game.
 B = Kills by you in this place as a percentage of kills by you in the entire game.
 C = Kills by friends in this place as a percentage of kills by friends in the entire game.
 D = Other kills in this place as a percentage of other kills in the entire game.
 E = Experience gained in this place as a percentage of experience gained in the entire game.
 F = Experience gained in this place divided by the number of levels of this place that you have seen.
                   A       B       C       D       E      F
               +-------+-------+-------+-------+-------+----------------------
         Total | 100.0 | 100.0 |   N/A |   N/A | 100.0 |  43.5
       Dungeon | 100.0 | 100.0 |   N/A |   N/A | 100.0 |  43.5
               +-------+-------+-------+-------+-------+----------------------

Vault maps used:
D:1:      dpeg_arrival_triangle_fractal, minmay_misc_feat_enclosed, minivault_23
D:2:      wad_pebble_path, gammafunk_temple_overflow_elements,
          kennysheep_generic_room_5
